 Dungeon Crawl Stone Soup version 0.17.1-1-g73c8601 (webtiles) character file.

6680 Goblin1989 the Cleaver (level 11, -2/97 HPs)
             Began as a Hill Orc Gladiator on Jan 5, 2016.
             Was a Priest of Qazlal.
             Slain by a deep elf knight
             ... wielding a +0 short sword
              (4 damage)
             ... in a bailey.
             The game lasted 00:23:37 (8337 turns).

Goblin1989 the Cleaver (Hill Orc Gladiator)         Turns: 8337, Time: 00:23:37

Health: -2/97      AC: 19    Str: 20    XL:     11   Next: 3%
Magic:  17/17      EV: 11    Int:  8    God:    Qazlal [***...]
Gold:   429        SH:  4    Dex: 13    Spells: 0 memorised, 10 levels left

rFire  + . .     SeeInvis .     a - +0 war axe
rCold  . . .     Clarity  .     u - +3 chain mail {rF+}
rNeg   . . .     SustAt   .     (no shield)
rPois  .         Gourm    .     c - +0 helmet
rElec  .         Spirit   .     (no cloak)
rCorr  .         Warding  .     (no gloves)
rMut   .         Stasis   .     (no boots)
MR     .....                    (no amulet)
Stlth  ..........               k - +2 ring of evasion
                                j - +4 ring of protection

@: not resistant to hostile enchantments, extremely unstealthy
A: no striking features
a: Upheaval, Elemental Force, Renounce Religion


You were in a bailey.
You worshipped Qazlal.
Qazlal was most pleased with you.
You were near starving.

You visited 1 branch of the dungeon, and saw 9 of its levels.
You also visited: Bailey.

You collected 429 gold pieces.

Inventory:

Hand Weapons
 a - a +0 war axe (weapon)
 h - a cursed -1 spear
Missiles
 d - 3 throwing nets (quivered)
 m - 74 bolts
Armour
 c - a +0 helmet (worn)
 p - a +0 plate armour
 u - a +3 chain mail of fire resistance (worn)
Jewellery
 j - a +4 ring of protection (left hand)
 k - a +2 ring of evasion (right hand)
 y - a cursed ring of loudness {unknown}
Wands
 t - a wand of frost (13)
 v - a wand of lightning (3)
 J - a wand of frost (32)
Scrolls
 i - a scroll of enchant armour
 x - a scroll of magic mapping
 z - 5 scrolls of remove curse {unknown}
 B - 2 scrolls of teleportation
 D - a scroll of amnesia {unknown}
 E - 2 scrolls of immolation {unknown}
 H - 2 scrolls of identify
 K - a scroll of vulnerability {unknown}
Potions
 b - a potion of agility
 f - a potion of cancellation {unknown}
 g - 3 potions of flight
 o - 2 potions of brilliance
 q - a potion of ambrosia
 A - 2 potions of berserk rage
 C - 2 potions of lignification {unknown}
 F - 2 potions of invisibility {unknown}
Comestibles
 e - 3 bread rations
 l - 5 meat rations
 I - a slice of pizza


   Skills:
 + Level 9.4 Fighting
 * Level 13.8 Axes
 - Level 1.7 Throwing
 + Level 7.7 Armour
 - Level 2.4 Dodging
 + Level 9.1 Invocations


You had 10 spell levels left.
You didn't know any spells.

Dungeon Overview and Level Annotations

Branches:
Dungeon (9/15)
 Temple: D:4-7         Lair: D:8-11         Orc: D:9-12

Altars:
Ashenzari
Elyvilon
Gozag
Qazlal
Sif Muna
Vehumet
Zin

Shops:
D:6 }

Annotations:
D:4 Eustachio; Goblin1989's ghost, amateur VSMo; Pikel


Message History

The deep elf knight misses you.
You hit the deep elf knight but do no damage.
The deep elf knight is heavily wounded.
The deep elf knight hits you but does no damage.
You completely miss the deep elf knight.
The deep elf knight is heavily wounded.
The deep elf knight hits you with a short sword!
* * * LOW HITPOINT WARNING * * *
You closely miss the deep elf knight.
The deep elf knight is heavily wounded.
You hit the deep elf knight.
The deep elf knight is heavily wounded.
You hear a shout!
The deep elf knight mumbles some strange words.
The deep elf knight flickers and vanishes!
Deactivating autopickup; reactivate with Ctrl-A.
Your chain mail prevents you from hitting something.
Something hits you but does no damage.
You slash something! Something hits you.
You die...

##. ..##
....# ....#
.... #..
#####{#
##...@#
#.....#
#..∩..#
#.....#
###...##
##.)##'####
#....##...##
#....#.....#
##..##..∩..#


There were no monsters in sight!

Vanquished Creatures
  The ghost of Goblin1989 the Grappler, a novice VSMo (D:8)
  2 deep elf priests (Bailey)
  A two-headed ogre (D:8)
  Prince Ribbit (D:9)
  2 deep elf magi (Bailey)
  Sigmund (D:5)
  2 deep elf fighters (Bailey)
  Menkaure (D:6)
  A water moccasin (D:8)
  Duvessa (D:5)
  A black bear (D:9)
  An orc warrior (D:8)
  3 phantoms
  2 sky beasts
  2 slaves
  3 ice beasts
  3 centaurs
  6 ogres
  A big kobold (D:7)
  A gnoll sergeant (D:7)
  2 giant frogs
  Dowan (D:5)
  12 killer bees
  5 scorpions
  3 wights (D:7)
  2 giant frog zombies (D:5)
  A quasit (D:6)
  A crimson imp (D:8)
  2 giant frog skeletons
  A jelly (D:7)
  5 hounds
  3 orc priests
  8 orc wizards
  2 centaur skeletons
  10 worker ants
  2 hound skeletons
  2 worker ant zombies
  5 gnolls (D:7)
  2 shadow imps
  9 adders
  2 oozes (D:2)
  3 adder skeletons
  A worm (D:2)
  2 giant geckos
  30 orcs
  11 bats
  5 giant cockroaches
  8 hobgoblins
  8 jackals
  4 quokkas
  4 ball pythons
  7 giant newts
  8 goblins
  8 kobolds
  A quokka zombie (D:7)
216 creatures vanquished.

Vanquished Creatures (others)
  A plant (D:9)
1 creature vanquished.

Grand Total: 217 creatures vanquished

Notes
Turn   | Place    | Note
--------------------------------------------------------------
     0 | D:1      | Goblin1989 the Hill Orc Gladiator began the quest for the Orb.
     0 | D:1      | Reached XP level 1. HP: 18/18 MP: 1/1
   267 | D:1      | Reached XP level 2. HP: 25/25 MP: 2/2
   319 | D:1      | Reached skill level 5 in Axes
   843 | D:2      | Reached XP level 3. HP: 6/30 MP: 3/3
  1455 | D:2      | Reached XP level 4. HP: 37/37 MP: 4/4
  1488 | D:3      | Reached skill level 6 in Axes
  1488 | D:3      | Reached skill level 1 in Armour
  1555 | D:3      | Found a shattered altar of Ashenzari.
  1555 | D:3      | Found a stormy altar of Qazlal.
  1560 | D:3      | Became a worshipper of Qazlal Stormbringer
  1583 | D:3      | Reached XP level 5. HP: 30/45 MP: 5/5
  1593 | D:3      | HP: 2/45 [orc priest/divine providence (15)]
  1889 | D:3      | Reached skill level 7 in Axes
  1965 | D:3      | Found a glowing silver altar of Zin.
  1965 | D:3      | Found an opulent altar of Gozag.
  1966 | D:3      | Found a radiant altar of Vehumet.
  2152 | D:3      | Reached XP level 6. HP: 52/52 MP: 6/6
  2262 | D:4      | Reached * piety under Qazlal
  2262 | D:4      | Reached skill level 1 in Invocations
  2623 | D:4      | Noticed Goblin1989's ghost (amateur VSMo)
  2992 | D:4      | Noticed Eustachio
  3059 | D:4      | Noticed Pikel
  3345 | D:5      | Entered Level 5 of the Dungeon
  3563 | D:5      | Noticed Dowan
  3564 | D:5      | Noticed Duvessa
  3589 | D:5      | Killed Dowan
  3589 | D:5      | Reached XP level 7. HP: 54/60 MP: 8/8
  3665 | D:5      | Killed Duvessa
  3665 | D:5      | Reached skill level 8 in Axes
  3823 | D:5      | Reached skill level 5 in Fighting
  3829 | D:5      | Noticed Sigmund
  3842 | D:5      | Killed Sigmund
  3842 | D:5      | Reached skill level 9 in Axes
  3842 | D:5      | Reached XP level 8. HP: 45/69 MP: 9/11
  4745 | D:6      | Reached skill level 5 in Invocations
  4891 | D:6      | Reached ** piety under Qazlal
  4891 | D:6      | Reached skill level 10 in Axes
  5008 | D:6      | Noticed Menkaure
  5010 | D:6      | Killed Menkaure
  5010 | D:6      | Reached XP level 9. HP: 78/78 MP: 13/13
  5021 | D:6      | Reached skill level 5 in Armour
  5027 | D:6      | Got a brightly glowing robe
  5038 | D:6      | Identified the +2 robe of the Planets {+Blink MR- Str+3} (You found it on level 6 of the Dungeon)
  5060 | D:6      | Found Aqusuepp's Gadget Boutique.
  5607 | D:7      | Reached skill level 11 in Axes
  6797 | D:7      | Reached *** piety under Qazlal
  6951 | D:7      | Reached skill level 12 in Axes
  7032 | D:7      | Found a white marble altar of Elyvilon.
  7138 | D:7      | Reached XP level 10. HP: 88/88 MP: 15/15
  7328 | D:8      | Noticed Goblin1989's ghost (novice VSMo)
  7330 | D:8      | Killed Goblin1989's ghost
  7977 | D:8      | Found a deep blue altar of Sif Muna.
  8035 | D:8      | Reached skill level 13 in Axes
  8203 | D:9      | Noticed Prince Ribbit
  8203 | D:9      | Found a flagged portal.
  8224 | D:9      | Killed Prince Ribbit
  8243 | Bailey   | Entered a bailey
  8300 | Bailey   | Reached XP level 11. HP: 12/97 MP: 17/17
  8310 | Bailey   | Noticed a deep elf knight
  8333 | Bailey   | HP: 1/97 [deep elf knight/short sword (9)]
  8337 | Bailey   | Slain by a deep elf knight

Action                   |  1- 3 |  4- 6 |  7- 9 | 10-12 || total
-------------------------+-------+-------+-------+-------++-------
Melee: War axe           |    97 |   223 |   487 |   246 ||  1053
Invok: Upheaval          |       |       |     1 |     2 ||     3
  Use: Scroll            |       |    11 |     1 |     4 ||    16
       Potion            |       |       |     3 |     1 ||     4
  Eat: Chunk             |     2 |     5 |    12 |     1 ||    20
       Royal jelly       |       |     1 |       |       ||     1
       Pizza             |       |       |       |     1 ||     1
